 Dungeon Sprint DCSS version 0.29.1-1-gd02db6906a (webtiles) character file.

Game seed: 588048661140848827

88 Arandomuser85 the Trooper (level 4, -1/58 HPs)
             Began as a Demonspawn Monk on Sept 27, 2022.
             Slain by a black bear (4 damage)
             ... in the Dungeon (Sprint IX: "|||||||||||||||||||||||||||||").
             The game lasted 00:00:17 (202 turns).

Arandomuser85 the Trooper (Demonspawn Monk)          Turns: 202, Time: 00:00:18

Health: -1/58      AC:  2    Str: 11    XL:     4   Next: 29%
Magic:  4/4        EV: 14    Int: 14    God:
Gold:   0          SH:  0    Dex: 15    Spells: 3/3 levels left

rFire   . . .      SeeInvis .   a - +0 spear
rCold   . . .      Faith    .   (no shield)
rNeg    . . .      Spirit   .   b - +0 robe
rPois   .          Reflect  .   (helmet restricted)
rElec   .          Harm     .   (no cloak)
rCorr   .          Rampage  .   (no gloves)
Will    .....      NoTele   +   (no boots)
Stlth   ..........              (no amulet)
HPRegen 0.19/turn               (no ring)
MPRegen 0.09/turn               (no ring)

@: berserking (expiring), very quick
A: horns 1, foul stench 1
a: no special abilities


You were in the Dungeon.
You visited 1 branch

Inventory:

Hand Weapons
 a - a +0 spear (weapon)
Armour
 b - a +0 robe (worn)
Scrolls
 i - a scroll of blinking
Potions
 c - a potion of ambrosia
 d - a potion of curing
 e - a potion of heal wounds
 f - a potion of haste
 g - 2 potions of magic


   Skills:
 + Level 5.6 Fighting
 + Level 5.4 Polearms
 + Level 4.9 Dodging
 + Level 2.2 Stealth


You had 3 spell levels left.
You didn't know any spells.
Your spell library was empty.

Dungeon Overview and Level Annotations

Branches:
Dungeon (1/1)

Altars:


Innate Abilities, Weirdness & Mutations

You have a pair of small horns on your head.
You may rarely emit foul miasma when damaged in melee.


Message History

The ogre is moderately wounded.
You puncture the ogre!
The ogre is severely wounded.
The ogre hits you with a +0 giant club!!
Ouch! That really hurt!
* * * LOW HITPOINT WARNING * * *
You puncture the ogre!
The ogre is almost dead.
You puncture the ogre!
You kill the ogre!
Your Fighting skill gained 2 levels and is now at level 5!
Your Polearms skill gained 2 levels and is now at level 5!
Your Dodging skill increases to level 4!
Your Stealth skill increases to level 2!
You have reached level 2!
Your demonic ancestry asserts itself...
You begin to emit a foul stench of rot and decay.
You have reached level 3!
Your experience leads to an increase in your attributes!
Increase (S)trength, (I)ntelligence, or (D)exterity?
You feel clever. x2; Your demonic ancestry asserts itself...
A pair of horns grows on your head!
You have reached level 4!
You feel clever.
You hit the black bear.
The black bear is lightly wounded.
You puncture the black bear!
The black bear is heavily wounded.
The black bear bites you.
* * * LOW HITPOINT WARNING * * *
The black bear closely misses you. The black bear claws you.
* * * LOW HITPOINT WARNING * * *
You hit the black bear. Your headbutt misses the black bear.
The black bear is severely wounded.
You hit the black bear.
The black bear is almost dead.
The black bear bites you.
* * * LOW HITPOINT WARNING * * *
You emit a cloud of foul miasma!
The black bear claws you.
You die...

▓.▓
▓.▓
▓)▓
▓.▓
▓.▓
▓.▓
▓.▓
▓.▓
▓@▓
▓h▓
▓S▓
▓J▓
▓.▓
▓5▓
▓+▓


You could see a black bear, a jelly, an adder and a shadow imp.

Vanquished Creatures
  An ogre (D)
  2 ball pythons (D)
  A giant cockroach (D)
  A hobgoblin (D)
  A kobold (D)
6 creatures vanquished.

Notes
Turn   | Place    | Note
-------+----------+-------------------------------------------
     0 | D        | Arandomuser85 the Demonspawn Monk began the quest for the
                  | Orb.
     0 | D        | Reached XP level 1. HP: 18/18 MP: 1/1
   191 | D        | Noticed an ogre
   191 | D        | Noticed a black bear
   191 | D        | Noticed a jelly
   198 | D        | Killed an ogre
   199 | D        | Reached skill level 5 in Fighting
   199 | D        | Reached skill level 5 in Polearms
   199 | D        | Gained mutation: You may rarely emit foul miasma when
                  | damaged in melee. [demonic ancestry]
   199 | D        | Reached XP level 2. HP: 12/27 MP: 2/2
   199 | D        | Gained mutation: You have a pair of small horns on your
                  | head. [demonic ancestry]
   199 | D        | Reached XP level 3. HP: 14/33 MP: 3/3
   199 | D        | Reached XP level 4. HP: 17/39 MP: 4/4
   202 | D        | Slain by a black bear

Illustrated notes

Levels and vault maps discovered:
D:        linesprint [early_d, line_temple, items_1, d_10, items_2, lair_1,
          lair_end, items_3, orc_1, orc_end, items_4, d_15, swamp_1, shoals_1,
          snake_1, spider_1, d_20, vaults_1, items_5, swamp_end, shoals_end,
          snake_end, spider_end, vaults_end, d_27, items_6, zot_1, zot_end,
          crypt_end, forest_end, elf_end, slime_end, tomb_end, abyss_end,
          pan_hell_end]

Skill      XL: |  1 |
---------------+----+-----
Polearms       | 5 |  5.4
Dodging        | 4 |  4.9
Fighting       | 5 |  5.6
Stealth        | 2 |  2.2

Action                   |  1- 3 |  4- 6 || total
-------------------------+-------+-------++-------
Melee: Spear             |    23 |     4 ||    27
  Use: Potion            |     1 |       ||     1
Armor: Robe              |     1 |       ||     1
Dodge: Dodged            |    12 |     1 ||    13
